 Dungeon Crawl Stone Soup version 0.19.1 (webtiles) character file.

7094 Melicamp the Grappler (level 10, -3/85 HPs)
             Began as a Troll Hunter on Nov 30, 2016.
             Slain by a tyrant leech (26 damage)
             ... on level 4 of the Lair of Beasts.
             The game lasted 00:51:08 (6865 turns).

Melicamp the Grappler (Troll Hunter)                Turns: 6865, Time: 00:51:10

Health: -3/85      AC:  8    Str: 25    XL:     10   Next: 84%
Magic:  16/16      EV:  5    Int:  7    God:
Gold:   477        SH: 12    Dex: 10    Spells: 0 memorised, 9 levels left

rFire  + . .     SeeInvis .       - Unarmed
rCold  . . .     Gourm    +     y - +2 robe {rF+}
rNeg   + . .     Faith    .     o - +0 large shield
rPois  .         Spirit   .     (helmet restricted)
rElec  .         Reflect  .     c - +0 cloak
rCorr  .         Harm     .     (gloves unavailable)
MR     .....                    (boots unavailable)
Stlth  +.........               G - amulet of regeneration
                                (no ring)
                                h - ring of positive energy

@: no status effects
A: unfitting armour, claws 3, fast metabolism 3, gourmand, regeneration 1,
shaggy fur 1, tough skin 2
a: no special abilities


You were on level 4 of the Lair of Beasts.
You were very full.

You visited 2 branches of the dungeon, and saw 14 of its levels.

You collected 477 gold pieces.

Inventory:

Missiles
 d - a throwing net
 k - a large rock (quivered)
Armour
 c - a +0 cloak (worn)
 o - a +0 large shield (worn)
 y - a +2 robe of fire resistance (worn)
Jewellery
 h - a ring of positive energy (left claw)
 C - an uncursed ring of ice
 G - an amulet of regeneration (around neck)
Wands
 b - a wand of iceblast (7/15)
 z - a wand of flame (16/48)
 B - a wand of enslavement (12/24)
 H - a wand of digging (4/24)
Scrolls
 r - 2 scrolls of enchant armour
 t - 2 scrolls of magic mapping
 v - 4 scrolls of remove curse
 w - 2 scrolls of fear
 x - 2 scrolls of blinking
 F - a scroll of recharging
 I - a scroll of teleportation
 J - 2 scrolls of identify
Potions
 e - 2 potions of cancellation
 i - 2 potions of curing
 l - a potion of agility
 n - 3 potions of flight
 p - 3 potions of magic {unknown}
 q - a potion of mutation {unknown}
 s - a potion of resistance {unknown}
 D - a potion of haste {unknown}
 E - a potion of brilliance {unknown}
Books
 A - a book of Necromancy

   Spells                             Type                      Level
   a - Pain                           Necromancy                   1
   b - Animate Skeleton               Necromancy                   1
   c - Vampiric Draining              Necromancy                   3
   d - Regeneration                   Charms/Necromancy            3
   e - Animate Dead                   Necromancy                   4
   f - Control Undead                 Necromancy                   4
Comestibles
 a - 4 beef jerkies
 f - 4 bread rations
 g - 3 meat rations
 j - 2 royal jellies
 m - 3 slices of pizza
 u - 4 chunks of flesh


   Skills:
 - Level 1.5 Fighting
 - Level 3.6 Throwing
 - Level 1.5 Dodging
 - Level 0.3 Stealth
 - Level 11.0 Unarmed Combat
 * Level 9.6 Evocations


You had 9 spell levels left.
You didn't know any spells.

Dungeon Overview and Level Annotations

Branches:
Dungeon (10/15)            Temple (0/1) D:6            Lair (4/6) D:10
  Swamp (0/4) Lair:4
  Snake: Lair:2-4    Spider: Lair:2-4       Orc: D:9-12

Altars:
Cheibriados
Fedhas
Gozag
Kikubaaqudgha
Makhleb
Nemelex Xobeh
Okawaru
Qazlal
Trog
Vehumet
Xom

Shops:
D:5 (

Annotations:
D:9 exclusion: player ghost, Scuka's ghost, novice DrTm
Lair:1 jazmu's ghost, journeyman DsBe


Innate Abilities, Weirdness & Mutations

You are too large for most types of armour.
You have claws for hands.
Your metabolism is lightning-fast.
You like to eat raw meat.
Your natural rate of healing is unusually fast.
You are covered in fur. (AC +1)
You have very tough skin. (AC +2)


Message History

The tyrant leech bites you.
The tyrant leech draws strength from your injuries!
Throwing (i - inventory. (,) - cycle):
k - 3 large rocks (quivered)
Press: ? - help, Shift-Dir - straight line, f - tyrant leech
Aim: a tyrant leech (lightly wounded)
You throw a large rock. The large rock hits the tyrant leech!!
The tyrant leech is heavily wounded.
You block the tyrant leech's attack.
Throwing (i - inventory. (,) - cycle):
k - 2 large rocks (quivered)
Press: ? - help, Shift-Dir - straight line, f/p - tyrant leech
Aim: a tyrant leech (heavily wounded)
You throw a large rock.
The large rock completely misses the tyrant leech.
You block the tyrant leech's attack. The tyrant leech bites you!
* * * LOW HITPOINT WARNING * * *
The tyrant leech draws strength from your injuries!
You closely miss the tyrant leech.
The tyrant leech is moderately wounded.
The tyrant leech bites you!!
You die...

.......P #......##
#........ . ##.......#
... #######..........
.....##@w##..##........
.......<.......^......?
.......................
.......................
P.#.......PP#.##......#
.......##...#.♣ §♣♣.###
..##... ##+#.♣♣ §§ # ..
#... ..♣ §w♣ ..... ...♣
>≈§


You could see a tyrant leech.

Vanquished Creatures
  Pikel (D:6)
  An elephant (Lair:3)
  Joseph (D:7)
  A komodo dragon (Lair:3)
  A tyrant leech (Lair:4)
  2 hornets (D:9)
  A hippogriff (Lair:1)
  5 yaks (Lair:3)
  A hungry ghost (D:9)
  A wyvern (Lair:1)
  Menkaure (D:5)
  Edmund (D:3)
  3 water moccasins
  An orc warrior (D:6)
  3 porcupines
  An ice beast (D:5)
  5 ogres
  5 phantoms
  A centaur (D:7)
  A big kobold (D:9)
  Blork the orc (D:6)
  A bullfrog (D:8)
  3 scorpions
  4 killer bees (D:8)
  7 wights
  4 crimson imps
  4 hounds
  6 orc priests
  4 iguanas
  An iron imp (D:4)
  5 orc wizards
  5 worker ants
  A killer bee zombie (D:6)
  A hound zombie (D:6)
  A hound skeleton (D:5)
  A howler monkey zombie (D:6)
  A gnoll (D:1)
  7 adders
  An ooze (D:1)
  An adder zombie (D:8)
  An adder skeleton (D:5)
  4 worms
  2 dart slugs
  4 leopard geckos
  20 orcs
  6 bats
  2 giant cockroaches
  6 goblins
  10 hobgoblins
  7 jackals
  14 kobolds
  4 quokkas
  3 ball pythons
  4 frilled lizards
  A giant cockroach zombie (D:5)
  A leopard gecko skeleton (D:6)
  A quokka skeleton (D:6)
  11 rats
197 creatures vanquished.

Vanquished Creatures (others)
  A yak (Lair:3)
  2 slaves (D:6)
  A bullfrog (D:6)
  A killer bee (D:8)
  A wight (D:6)
  2 orc priests (D:6)
  A fungus (Lair:1)
9 creatures vanquished.

Grand Total: 206 creatures vanquished

Notes
Turn   | Place    | Note
-------+----------+-------------------------------------------
     0 | D:1      | Melicamp the Troll Hunter began the quest for the Orb.
     0 | D:1      | Reached XP level 1. HP: 19/19 MP: 0/0
    38 | D:1      | Reached skill level 1 in Unarmed Combat
   137 | D:1      | Reached skill level 2 in Unarmed Combat
   137 | D:1      | Reached XP level 2. HP: 27/27 MP: 1/1
   290 | D:1      | Reached XP level 3. HP: 33/33 MP: 2/2
   436 | D:1      | Found a sparkling altar of Nemelex Xobeh.
   614 | D:1      | Reached skill level 3 in Unarmed Combat
   723 | D:2      | Noticed a moth of wrath
   725 | D:2      | Found a bloodstained altar of Trog.
  1121 | D:2      | Reached XP level 4. HP: 41/41 MP: 3/3
  1590 | D:2      | Found a blossoming altar of Fedhas.
  1690 | D:3      | Reached skill level 4 in Unarmed Combat
  1946 | D:3      | Reached XP level 5. HP: 48/48 MP: 4/4
  2123 | D:3      | Found a bloodstained altar of Trog.
  2232 | D:4      | Noticed Edmund
  2247 | D:3      | Reached skill level 5 in Unarmed Combat
  2253 | D:3      | Killed Edmund
  2253 | D:3      | Reached skill level 6 in Unarmed Combat
  2253 | D:3      | Reached XP level 6. HP: 33/55 MP: 5/5
  2423 | D:4      | Found a snail-covered altar of Cheibriados.
  2641 | D:4      | Reached skill level 7 in Unarmed Combat
  2928 | D:4      | Reached XP level 7. HP: 62/62 MP: 6/6
  2945 | D:4      | Found a stormy altar of Qazlal.
  2945 | D:4      | Found a bloodstained altar of Trog.
  3035 | D:4      | Found an opulent altar of Gozag.
  3185 | D:5      | Entered Level 5 of the Dungeon
  3190 | D:5      | Reached skill level 8 in Unarmed Combat
  3201 | D:5      | Noticed Menkaure
  3207 | D:5      | Killed Menkaure
  3295 | D:5      | Reached skill level 9 in Unarmed Combat
  3331 | D:5      | Reached XP level 8. HP: 62/70 MP: 7/7
  3396 | D:5      | Found Xitteloug's Antique Weapon Emporium.
  3416 | D:5      | Found a burning altar of Makhleb.
  3421 | D:5      | Found a radiant altar of Vehumet.
  3565 | D:5      | Found an iron altar of Okawaru.
  3642 | D:6      | Noticed Blork the orc
  3746 | D:6      | Killed Blork the orc
  3751 | D:6      | Found a staircase to the Ecumenical Temple.
  3758 | D:6      | Noticed Pikel
  3769 | D:6      | Killed Pikel
  3769 | D:6      | Reached skill level 10 in Unarmed Combat
  4073 | D:6      | Reached XP level 9. HP: 68/76 MP: 9/9
  4094 | D:6      | Reached skill level 11 in Unarmed Combat
  4531 | D:7      | Found a shimmering altar of Xom.
  4836 | D:7      | Noticed Joseph
  4861 | D:7      | Killed Joseph
  4861 | D:7      | Reached skill level 5 in Evocations
  5059 | D:8      | Found an ancient bone altar of Kikubaaqudgha.
  5739 | D:9      | Reached XP level 10. HP: 58/85 MP: 14/14
  6276 | D:9      | Noticed Scuka's ghost (novice DrTm)
  6302 | D:10     | Entered Level 10 of the Dungeon
  6302 | D:10     | Found a staircase to the Lair.
  6303 | D:10     | Noticed a hill giant
  6305 | Lair:1   | Entered Level 1 of the Lair of Beasts
  6308 | Lair:1   | Noticed jazmu's ghost (journeyman DsBe)
  6708 | Lair:3   | Noticed an elephant
  6710 | Lair:3   | Noticed an elephant
  6710 | Lair:3   | Noticed an elephant
  6730 | Lair:3   | Killed an elephant
  6822 | Lair:4   | Found a staircase to the Swamp.
  6865 | Lair:4   | Slain by a tyrant leech

Skill      XL: |  1  2  3  4  5  6  7  8  9 10 |
---------------+-------------------------------+-----
Unarmed Combat | 2 3 4 6 7 9 10 11 | 11.0
Evocations     | 2 6 9 |  9.6
Fighting       | |  1.5
Throwing       | |  3.6
Dodging        | |  1.5
Stealth        | |  0.3

Action                   |  1- 3 |  4- 6 |  7- 9 | 10-12 || total
-------------------------+-------+-------+-------+-------++-------
Melee: Unarmed           |   134 |   150 |   237 |   135 ||   656
       Punch             |     1 |       |       |       ||     1
Throw: Throwing net      |     2 |       |     1 |       ||     3
       Large rock        |     3 |     4 |    10 |     5 ||    22
Evoke: Wand              |       |       |     6 |     2 ||     8
  Use: Scroll            |     7 |     8 |     7 |     5 ||    27
       Potion            |       |     1 |     1 |     2 ||     4
 Stab: Sleeping          |       |     1 |     1 |     1 ||     3
  Eat: Chunk             |    16 |    17 |    23 |    13 ||    69
       Meat ration       |       |       |       |     1 ||     1
Armor: Robe              |    60 |    30 |    37 |    33 ||   160
Dodge: Dodged            |    79 |    22 |    28 |    13 ||   142
Block: Large shield      |       |    60 |    99 |    68 ||   227
